 Dungeon Crawl Stone Soup version 0.17.1-3-g152610e (webtiles) character file.

7279 pupkin the Unseen (level 10, -2/63 HPs)
             Began as a Vampire Enchanter on Mar 19, 2016.
             Was a Believer of Dithmenos.
             Slain by a vampire mosquito (5 damage)
             ... on level 14 of the Dungeon on Mar 20, 2016.
             The game lasted 00:59:59 (7687 turns).

pupkin the Unseen (Vampire Enchanter)               Turns: 7687, Time: 01:00:00

Health: -2/63      AC:  3    Str:  7    XL:     10   Next: 89%
Magic:  1/13       EV: 15    Int: 27    God:    Dithmenos [**....]
Gold:   522        SH:  0    Dex: 14    Spells: 3 memorised, 7 levels left

rFire  + . .     SeeInvis +     f - +2 dagger (venom)
rCold  + + .     Clarity  .     b - +1 robe
rNeg   + + +     SustAt   .     (no shield)
rPois  ∞         Gourm    .     (no helmet)
rElec  .         Spirit   .     (no cloak)
rCorr  .         Warding  .     (no gloves)
rMut   +         Stasis   .     (no boots)
MR     +....                    A - amulet of resist mutation
Stlth  ++++++++++               D - ring of protection from fire
                                k - ring of see invisible

@: brilliant, very slightly contaminated, bloodless, non-regenerating, hasted,
wreathed by umbra, very quick, somewhat resistant to hostile enchantments,
uncannily stealthy
A: fangs 3, see invisible, unbreathing
a: Bat Form, Shadow Step, Renounce Religion


You were on level 14 of the Dungeon.
You worshipped Dithmenos.
Dithmenos was pleased with you.
You were bloodless.

You visited 2 branches of the dungeon, and saw 16 of its levels.

You collected 522 gold pieces.

Inventory:

Hand Weapons
 f - a +2 dagger of venom (weapon)
 u - the +3 long sword "Ticilupt" {vamp, rF+ MP+9 Dex+2, unknown}
   (You took it off an orc wizard on level 8 of the Dungeon)

   It inflicts no extra harm, but heals its wielder somewhat when it strikes a
   living foe.
   It affects your dexterity (+2).
   It protects you from fire.
   It affects your magic capacity (+9).
Armour
 b - a +1 robe (worn)
 s - a +0 leather armour of fire resistance
Jewellery
 k - a ring of see invisible (left hand)
 A - an amulet of resist mutation (around neck)
 D - a ring of protection from fire (right hand)
Wands
 g - a wand of digging (10)
 q - a wand of frost (38)
 t - a wand of digging (4)
Scrolls
 d - 3 scrolls of fear {unknown}
 h - 4 scrolls of identify
 j - 3 scrolls of noise {unknown}
 l - 3 scrolls of remove curse
 n - a scroll of recharging {unknown}
 o - a scroll of silence {unknown}
 r - a scroll of blinking {unknown}
 w - a scroll of teleportation {unknown}
 y - a scroll of random uselessness {unknown}
 C - 3 scrolls of enchant weapon {unknown}
Potions
 i - 2 potions of curing
 p - a potion of might
 z - a potion of flight
Books
 c - a book of Maledictions

   Spells                             Type                      Level
   a - Corona                         Hexes                        1
   b - Ensorcelled Hibernation        Hexes/Ice                    2
   c - Confuse                        Hexes                        3
   d - Tukima's Dance                 Hexes                        3
   e - Dazzling Spray                 Conjuration/Hexes            3
 m - a book of Conjurations

   Spells                             Type                      Level
   a - Magic Dart                     Conjuration                  1
   b - Searing Ray                    Conjuration                  2
   c - Dazzling Spray                 Conjuration/Hexes            3
   d - Fulminant Prism                Conjuration/Hexes            4
   e - Iskenderun's Mystic Blast      Conjuration                  4
   f - Iskenderun's Battlesphere      Conjuration/Charms           5


   Skills:
 + Level 5.0 Short Blades
 + Level 6.3 Dodging
 + Level 19.0 Stealth
 - Level 2.0 Spellcasting
 + Level 11.3 Hexes


You had 7 spell levels left.
You knew the following spells:

 Your Spells              Type           Power        Failure   Level  Hunger
a - Corona                Hex            ######.      1%          1    None
b - Ensorcelled Hibernat  Hex/Ice        #####.       1%          2    ##.....
c - Confuse               Hex            ######..     1%          3    ###....


Dungeon Overview and Level Annotations

Branches:
Dungeon (15/15)              Lair (1/8) D:8
 Temple: D:4-7          Orc: D:9-12      Vaults: D:13-14     Depths: D:15

Altars:
Cheibriados
Dithmenos
Okawaru
Ru
Trog


Innate Abilities, Weirdness & Mutations

You do not heal naturally.
You are immune to poison.
You have razor-sharp teeth.
You have supernaturally acute eyesight.
You can survive without breathing.


Message History

Press: ? - help, Shift-Dir - straight line, f/p - vampire mosquito
Aim: a vampire mosquito (moderately damaged, confused, chance to defeat MR: 79%)
The vampire mosquito barely resists.
The vampire mosquito bites you!
* * * LOW HITPOINT WARNING * * *
The vampire mosquito misses you.
You hit the vampire mosquito.
The vampire mosquito is severely damaged.
The vampire mosquito barely misses you.
You closely miss the vampire mosquito.
The vampire mosquito is severely damaged.
The vampire mosquito barely misses you.
You hit the vampire mosquito.
The vampire mosquito is almost destroyed.
The vampire mosquito closely misses you.
You miss the vampire mosquito.
The vampire mosquito is almost destroyed.
You hit the vampire mosquito but do no damage.
The vampire mosquito is almost destroyed.
The vampire mosquito bites you.
You die...

### #..
#.# #.#
#.# #.#
..# #.#
..# #@#
..# #y#
..# #.#
..# #.#
..#
#.##..#
#.>...#
#<....#
#...y.#
###...#


You could see a vampire mosquito.

Vanquished Creatures
  A centaur warrior (D:10)
  2 hill giants
  Maurice (D:10)
  2 trolls
  7 slime creatures
  A deep elf mage (D:9)
  A hippogriff (D:11)
  2 vampire mosquitoes (D:15)
  2 ice beasts (D:9)
  An orc warrior (D:9)
  A black bear (D:11)
  10 centaurs
  A sky beast (D:9)
  An ogre (D:7)
  2 crocodiles
  4 giant frogs
  A water moccasin zombie (D:9)
  4 scorpions
  6 killer bees (D:10)
  4 hounds
  7 crimson imps
  3 centaur skeletons
  An iguana (D:13)
  A jelly (D:10)
  An orc wizard (D:8)
  A giant frog skeleton (D:6)
  Natasha (D:2)
  6 worker ants
  A hound skeleton (D:4)
  4 adders
  3 shadow imps
  A worker ant zombie (D:11)
  An ooze (D:2)
  An adder skeleton (D:5)
  5 giant geckos
  9 orcs
  A giant cockroach (D:3)
  4 goblins (D:2)
  A quokka (D:11)
  3 bats
  A giant newt (D:7)
  A jackal zombie (D:8)
  4 kobolds
  3 rats
118 creatures vanquished.

Notes
Turn   | Place    | Note
--------------------------------------------------------------
     0 | D:1      | pupkin the Vampire Enchanter began the quest for the Orb.
     0 | D:1      | Reached XP level 1. HP: 13/13 MP: 3/3
   106 | D:1      | You fall through a shaft!
   204 | D:2      | Reached XP level 2. HP: 19/19 MP: 5/5
   255 | D:2      | Learned a level 2 spell: Ensorcelled Hibernation
   273 | D:2      | Noticed Natasha
   290 | D:2      | Killed Natasha
   290 | D:2      | Reached skill level 5 in Stealth
   290 | D:2      | Reached skill level 5 in Hexes
   290 | D:2      | Reached XP level 3. HP: 17/24 MP: 2/6
   699 | D:4      | Reached skill level 6 in Stealth
   750 | D:4      | Reached XP level 4. HP: 20/30 MP: 7/7
   864 | D:5      | Entered Level 5 of the Dungeon
  1374 | D:7      | Noticed a giant frog
  1396 | D:7      | Noticed a centaur
  1401 | D:6      | Killed a giant frog
  1401 | D:6      | Reached skill level 7 in Stealth
  1401 | D:6      | Reached XP level 5. HP: 24/35 MP: 5/8
  1782 | D:6      | Noticed an orc warrior
  1796 | D:6      | Noticed a hungry ghost
  2019 | D:7      | Reached skill level 8 in Stealth
  2043 | D:7      | Killed a centaur
  2043 | D:7      | Reached XP level 6. HP: 41/41 MP: 4/9
  2150 | D:7      | Noticed an ogre
  2248 | D:7      | Killed an ogre
  2248 | D:7      | Reached skill level 9 in Stealth
  2256 | D:8      | Found a shadowy altar of Dithmenos.
  2259 | D:8      | Became a worshipper of Dithmenos the Shadowed
  2312 | D:7      | Noticed an ogre
  2547 | D:8      | Reached XP level 7. HP: 46/46 MP: 3/10
  3007 | D:8      | Found a bloodstained altar of Trog.
  3015 | D:8      | Reached skill level 10 in Stealth
  3267 | D:8      | Got a twisted long sword {vamp}
  3697 | D:9      | Noticed a deep elf mage
  3795 | D:8      | Reached skill level 11 in Stealth
  3795 | D:8      | Reached XP level 8. HP: 41/52 MP: 8/11
  3966 | D:9      | Found an iron altar of Okawaru.
  4047 | D:9      | Reached * piety under Dithmenos
  4198 | D:10     | Entered Level 10 of the Dungeon
  4482 | D:10     | Reached skill level 12 in Stealth
  4503 | D:10     | Reached skill level 13 in Stealth
  4519 | D:10     | Got a smoking chain mail
  4538 | D:9      | Killed a deep elf mage
  4942 | D:8      | Found a snail-covered altar of Cheibriados.
  5016 | D:8      | Found a staircase to the Lair.
  5022 | Lair:1   | Entered Level 1 of the Lair of Beasts
  5378 | D:10     | Noticed a centaur warrior
  5380 | D:10     | Killed a centaur warrior
  5380 | D:10     | Reached skill level 5 in Dodging
  5380 | D:10     | Reached skill level 14 in Stealth
  5380 | D:10     | Reached XP level 9. HP: 29/57 MP: 12/12
  5385 | D:10     | Reached skill level 15 in Stealth
  5715 | D:11     | Reached skill level 16 in Stealth
  6019 | D:11     | Noticed a troll
  6023 | D:11     | Noticed a hill giant
  6025 | D:11     | Killed a troll
  6037 | D:10     | Noticed Maurice
  6393 | D:9      | Learned a level 3 spell: Confuse
  6924 | D:10     | Killed Maurice
  6924 | D:10     | Reached skill level 10 in Hexes
  6924 | D:10     | Reached XP level 10. HP: 63/63 MP: 8/13
  6971 | D:10     | Found a sacrificial altar of Ru.
  6982 | D:10     | Noticed a troll
  6990 | D:10     | Killed a troll
  6990 | D:10     | Reached ** piety under Dithmenos
  6990 | D:10     | Reached skill level 17 in Stealth
  7009 | D:10     | Noticed a hill giant
  7014 | D:10     | Killed a hill giant
  7565 | D:12     | Reached skill level 18 in Stealth
  7573 | D:13     | Reached skill level 5 in Short Blades
  7628 | D:13     | Noticed a hill giant
  7636 | D:13     | Killed a hill giant
  7655 | D:15     | Entered Level 15 of the Dungeon
  7656 | D:15     | Reached skill level 19 in Stealth
  7682 | D:14     | HP: 3/63 [vampire mosquito (12)]
  7687 | D:14     | Slain by a vampire mosquito

Action                   |  1- 3 |  4- 6 |  7- 9 | 10-12 || total
-------------------------+-------+-------+-------+-------++-------
Melee: Dagger            |    40 |    52 |   135 |    33 ||   260
 Cast: Corona            |     2 |     4 |     3 |       ||     9
       Ensorcelled Hiber |     2 |     9 |    46 |     4 ||    61
       Confuse           |       |       |     4 |     3 ||     7
 Abil: End Transformatio |       |     1 |     5 |     5 ||    11
       Bat Form          |       |     1 |     5 |     5 ||    11
  Use: Potion            |       |       |     6 |     4 ||    10
       Scroll            |       |       |     4 |       ||     4
 Stab: Sleeping          |    16 |     9 |    51 |    19 ||    95
       Confused          |       |       |     5 |       ||     5
  Eat: Corpse            |       |       |     2 |       ||     2
